 Dungeon Crawl Stone Soup version 0.29.0-4-gdea44cf6ec (webtiles) character file.

Game seed: 7886024642362690426

11004 qw the Brawler (level 11, -1/109 HPs)
             Began as a Troll Cinder Acolyte on Sept 2, 2022.
             Was a Believer of Ignis.
             Slain by an elephant (13 damage)
             ... on level 2 of the Lair of Beasts.
             The game lasted 00:04:32 (8186 turns).

qw the Brawler (Troll Cinder Acolyte)               Turns: 8186, Time: 00:04:32

Health: -1/109     AC: 13    Str: 28    XL:     11   Next: 43%
Magic:  11/11      EV: 13    Int: 10    God:    Ignis [**....]
Gold:   573        SH:  0    Dex:  5    Spells: 12/12 levels left

rFire   + + +      SeeInvis .     - Unarmed
rCold   . . .      Faith    .   (no shield)
rNeg    . . .      Spirit   .   b - +2 robe {rF+}
rPois   .          Reflect  .   (helmet restricted)
rElec   .          Harm     .   m - +0 cloak
rCorr   .          Rampage  .   (gloves unavailable)
Will    .....      Rnd*Tele +   (boots unavailable)
Stlth   +.........              (no amulet)
HPRegen 1.08/turn               a - +4 ring of evasion
MPRegen 0.12/turn               n - ring of protection from fire

@: fiery-armoured
A: large, unfitting armour, claws 3, regeneration 1, shaggy fur 1, tough skin 1,
antennae 1, deformed body, screaming 1, teleportitis 1
a: Renounce Religion, Fiery Armour, Foxfire Swarm, Rising Flame


You were on level 2 of the Lair of Beasts.
You worshipped Ignis.
Ignis was pleased with you.
You visited 2 branches of the dungeon, and saw 12 of its levels.

You collected 573 gold pieces.


Innate Abilities, Weirdness & Mutations

You are too large for most types of armour.
You have claws for hands.
Your natural rate of healing is unusually fast.
You are covered in fur. (AC +1)
You have tough skin. (AC +1)
You have a pair of small antennae on your head.
Armour fits poorly on your strangely shaped body.
You occasionally shout uncontrollably at your foes.
You are occasionally teleported next to monsters.


   Skills:
 - Level 7.0 Fighting
 - Level 1.4 Throwing
 - Level 2.0 Armour
 + Level 1.4 Dodging
 - Level 16.0 Unarmed Combat
 - Level 1.0 Spellcasting
 - Level 2.1 Fire Magic


You had 12 spell levels left.
You didn't know any spells.
Your spell library contained the following spells:

 Spells                   Type           Power      Damage    Failure   Level
 Scorch                   Fire           8%         2d5       22%         2

Inventory:

Armour
 b - a +2 robe of fire resistance (worn)
 g - +0 steam dragon scales
 m - a +0 cloak (worn)
Jewellery
 a - a +4 ring of evasion (left claw)
 n - a ring of protection from fire (right claw)
Scrolls
 h - 2 scrolls of identify
 k - 2 scrolls of enchant weapon
Potions
 c - 6 potions of curing
 e - a potion of haste
 i - a potion of might {unknown}
 j - a potion of resistance
 l - a potion of magic {unknown}

Dungeon Overview and Level Annotations

Branches:
Dungeon (10/15)            Temple (0/1) D:4            Lair (1/5) D:9
    Orc: D:9-12

Altars:
Trog
Vehumet
Yredelemnul


Message History

You kill Amaemon!
The scorpion disappears in a puff of smoke! x3
Your surroundings suddenly seem different. 4 polar bears and 5 black bears come into view.
You feel very sick.
The black bear growls angrily. x2; The polar bear growls angrily. x2
The black bear growls angrily. x2; The polar bear growls angrily. x2
The black bear growls angrily.
The polar bear moves out of view.
The black bear moves out of view.
Your Fighting skill increases to level 7!
8165 ||| READING scroll of teleportation.
As you read the scroll of teleportation, it crumbles to dust.
You feel strangely unstable.
You feel very sick.
You mangle the polar bear!!
The polar bear is heavily wounded.
You feel very sick.
The polar bear bites you but does no damage.
The polar bear is burned by your cloak of flames.
The polar bear is severely wounded.
The polar bear claws you but does no damage.
The polar bear claws you.
8167 ||| Stepping ~*~*~tactically~*~*~ (outnumbered).
Found 14 gold pieces, a rapier and a leather armour.
Your surroundings suddenly seem different.
You feel very sick.
You start resting.
You feel sick. x4
You are no longer poisoned.
You feel yourself speed up.
An elephant comes into view.
You scratch the elephant.
The elephant is lightly wounded.
The elephant tramples you!
You stumble backwards!
You claw the elephant!
The elephant is moderately wounded.
You barely miss the elephant. You claw the elephant!
The elephant is moderately wounded.
The elephant tramples you!
You die...

....#.ยค.)YY.$...#.%...#
....#...8...8...#[...##
....##.........##..###
..# #.#....#..#..#......
..##.....#.##..%.##......
...#............## ......
.....#.#.....###.# ##.##.
.......##..###...###P.#
.P###P# #P..P..Y@.....#
.## ######.......#...#
..####.#####.....#.....+
.###......###....#....##
.##.......# #%..........
.#####....# #.....#...#.
.#######.####....######
.P#..#..'##.#....###
.....................


You could see an elephant.

Vanquished Creatures
  A two-headed ogre (D:8)
  Amaemon (Lair:2)
  Pikel (D:8)
  3 elephants (Lair:1)
  3 black mambas
  Joseph (D:8)
  3 cane toads
  An unseen horror (D:7)
  A komodo dragon (Lair:2)
  A troll (D:9)
  A wraith (D:10)
  A wyvern (D:9)
  2 yaks (D:10)
  2 steam dragons
  7 water moccasins
  Duvessa (D:5)
  2 orc warriors
  3 black bears
  2 ice beasts
  2 ogres
  2 centaurs
  A lemure (D:8)
  A phantom (D:5)
  2 kobold brigands
  5 bullfrogs
  Blork the orc (D:6)
  5 scorpions
  11 wights
  Dowan (D:5)
  12 killer bees
  4 howler monkeys
  3 hounds (D:5)
  3 orc priests
  A gnoll bouda (D:8)
  3 iguanas
  2 orc wizards
  11 gnolls
  5 adders
  A white imp (D:6)
  An ufetubus (D:5)
  2 worms
  2 dart slugs
  26 orcs
  2 bats (D:1)
  7 endoplasms
  2 giant cockroaches
  10 goblins
  8 hobgoblins
  7 jackals
  2 quokkas
  3 ball pythons
  12 kobolds
  7 rats
204 creatures vanquished.

Vanquished Creatures (others)
  A yak (D:10)
  12 fungi
  16 plants
29 creatures vanquished.

Grand Total: 233 creatures vanquished

Notes
Turn   | Place    | Note
-------+----------+-------------------------------------------
     0 | D:1      | qw the Troll Cinder Acolyte began the quest for the Orb.
     0 | D:1      | Reached XP level 1. HP: 22/22 MP: 1/1
     0 | D:1      | 0 ||| qw: Version: 0.1-a-97-g2dd2ca4
     0 | D:1      | 0 ||| qw: Game counter: 4921
     0 | D:1      | 0 ||| qw: Always use a shield: true
     0 | D:1      | 0 ||| qw: God list: Okawaru
     0 | D:1      | 0 ||| qw: Allow faded altars: false
     0 | D:1      | 0 ||| qw: Do Orc after D:15 true
     0 | D:1      | 0 ||| qw: Do second Lair branch before Depths: true
     0 | D:1      | 0 ||| qw: Lair rune preference: random
     0 | D:1      | 0 ||| qw: Plans: Normal
     0 | D:1      | 0 ||| PLANNING D:1-11
    43 | D:1      | Reached XP level 2. HP: 27/29 MP: 2/2
    81 | D:1      | 81 ||| Stepping ~*~*~tactically~*~*~ (stealth).
    97 | D:1      | Reached skill level 4 in Unarmed Combat
   130 | D:1      | 130 ||| Stepping ~*~*~tactically~*~*~ (stealth).
   131 | D:1      | 131 ||| Stepping ~*~*~tactically~*~*~ (stealth).
   224 | D:1      | 224 ||| Stepping ~*~*~tactically~*~*~ (hiding).
   349 | D:1      | Found a faded altar of an unknown god.
   534 | D:1      | Reached XP level 3. HP: 36/36 MP: 3/3
   848 | D:1      | 848 ||| UPGRADING to +2 robe of positive energy.
   858 | D:1      | 858 ||| DROPPING +0 robe.
   859 | D:1      | 859 ||| READING scroll labelled XUGIL HIOL.
   862 | D:1      | 862 ||| READING scroll labelled KOGA SIEFEXU.
   863 | D:1      | 863 ||| READING scroll labelled QAMEMUDDEV.
   864 | D:1      | 864 ||| DRINKING 2 viscous ruby potions.
   890 | D:1      | 890 ||| DROPPING potion of lignification.
  1721 | D:2      | 1721 ||| DROPPING amulet of magic regeneration.
  1722 | D:2      | 1722 ||| READING scroll labelled CIPTATONU.
  1723 | D:2      | 1723 ||| READING scroll labelled ZUSINUKONI.
  1724 | D:2      | 1724 ||| DRINKING 2 pink potions.
  1724 | D:2      | Gained mutation: Armour fits poorly on your strangely
                  | shaped body. [potion of mutation]
  1724 | D:2      | Gained mutation: You occasionally lose the ability to read
                  | scrolls when taking damage. [potion of mutation]
  1724 | D:2      | Gained mutation: You have sharp toenails. [potion of
                  | mutation]
  1725 | D:2      | 1725 ||| DRINKING potion of mutation.
  1725 | D:2      | Lost mutation: You have sharp toenails. [potion of
                  | mutation]
  1725 | D:2      | Lost mutation: Armour fits poorly on your strangely shaped
                  | body. [potion of mutation]
  1726 | D:2      | 1726 ||| READING 2 scrolls of identify.
  1726 | D:2      | 1726 ||| IDENTIFYING viscous orange potion
  1727 | D:2      | 1727 ||| DROPPING potion of brilliance.
  1728 | D:2      | 1728 ||| Stepping randomly (stuck).
  1729 | D:2      | 1729 ||| Stepping ~*~*~tactically~*~*~ (cloud).
  1892 | D:3      | 1892 ||| Stepping ~*~*~tactically~*~*~ (stealth).
  1893 | D:3      | 1893 ||| Stepping ~*~*~tactically~*~*~ (stealth).
  1894 | D:3      | 1894 ||| Stepping ~*~*~tactically~*~*~ (stealth).
  1895 | D:3      | 1895 ||| Stepping ~*~*~tactically~*~*~ (stealth).
  1896 | D:3      | 1896 ||| Stepping ~*~*~tactically~*~*~ (stealth).
  1897 | D:3      | 1897 ||| Stepping ~*~*~tactically~*~*~ (stealth).
  1898 | D:3      | 1898 ||| Stepping ~*~*~tactically~*~*~ (stealth).
  1900 | D:3      | Identified the +5 short sword "Mierour" {antimagic, Drain
                  | rCorr Str+5}
  1981 | D:3      | 1981 ||| Stepping ~*~*~tactically~*~*~ (stealth).
  1988 | D:3      | Reached XP level 4. HP: 44/44 MP: 4/4
  2205 | D:3      | Reached skill level 5 in Unarmed Combat
  2211 | D:3      | 2211 ||| Stepping ~*~*~tactically~*~*~ (outnumbered).
  2265 | D:3      | 2265 ||| Stepping ~*~*~tactically~*~*~ (stealth).
  2460 | D:3      | 2460 ||| UPGRADING to +4 ring of evasion.
  2461 | D:3      | 2461 ||| READING scroll labelled YDWONUCV RIUD.
  2478 | D:3      | 2478 ||| READING scroll labelled NEPI EGIUNOIFA.
  2479 | D:3      | 2479 ||| READING scroll labelled FUMOITHRAHI.
  2480 | D:3      | 2480 ||| DRINKING 2 black potions.
  2485 | D:3      | 2485 ||| DRINKING 2 metallic brown potions.
  2526 | D:3      | 2526 ||| Stepping ~*~*~tactically~*~*~ (stealth).
  2532 | D:3      | 2532 ||| DROPPING potion of attraction.
  2563 | D:4      | 2563 ||| Stepping ~*~*~tactically~*~*~ (stealth).
  2667 | D:4      | Reached XP level 5. HP: 49/50 MP: 5/5
  2769 | D:4      | Reached skill level 6 in Unarmed Combat
  2858 | D:4      | Found a staircase to the Ecumenical Temple.
  2991 | D:4      | 2991 ||| Stepping ~*~*~tactically~*~*~ (hiding).
  3001 | D:4      | Reached XP level 6. HP: 59/59 MP: 6/6
  3003 | D:4      | Reached skill level 7 in Unarmed Combat
  3393 | D:4      | 3393 ||| DRINKING 2 fizzy coppery potions.
  3494 | D:4      | 3494 ||| DRINKING 3 white potions.
  3495 | D:4      | 3495 ||| DROPPING potion of ambrosia.
  3509 | D:5      | Entered Level 5 of the Dungeon
  3510 | D:5      | 3510 ||| STAIRDANCE
  3584 | D:5      | Noticed Duvessa
  3585 | D:5      | 3585 ||| Stepping ~*~*~tactically~*~*~ (hiding).
  3588 | D:5      | Noticed Dowan
  3589 | D:5      | 3589 ||| INVOKING Fiery Armour.
  3595 | D:5      | Killed Duvessa
  3596 | D:5      | Killed Dowan
  3671 | D:5      | Reached skill level 8 in Unarmed Combat
  3671 | D:5      | Reached XP level 7. HP: 66/66 MP: 7/7
  3691 | D:5      | Reached skill level 3 in Fighting
  3699 | D:5      | 3699 ||| Stepping ~*~*~tactically~*~*~ (stealth).
  3702 | D:5      | 3702 ||| Stepping ~*~*~tactically~*~*~ (hiding).
  3737 | D:5      | 3737 ||| Stepping ~*~*~tactically~*~*~ (outnumbered).
  3754 | D:5      | 3754 ||| INVOKING Fiery Armour.
  3818 | D:5      | 3818 ||| Stepping ~*~*~tactically~*~*~ (stealth).
  3823 | D:5      | 3823 ||| Stepping ~*~*~tactically~*~*~ (stealth).
  3826 | D:5      | 3826 ||| Stepping ~*~*~tactically~*~*~ (stealth).
  3829 | D:5      | 3829 ||| Stepping ~*~*~tactically~*~*~ (stealth).
  4060 | D:5      | 4060 ||| UPGRADING to +0 cloak.
  4065 | D:5      | 4065 ||| UPGRADING to ring of protection from fire.
  4066 | D:5      | 4066 ||| DRINKING 3 metallic dark potions.
  4067 | D:5      | 4067 ||| READING 2 scrolls of identify.
  4067 | D:5      | 4067 ||| IDENTIFYING inky potion
  4068 | D:5      | 4068 ||| DROPPING 2 potions of flight.
  4162 | D:6      | Noticed Blork the orc
  4163 | D:6      | 4163 ||| Stepping ~*~*~tactically~*~*~ (hiding).
  4175 | D:6      | Killed Blork the orc
  4233 | D:6      | Reached skill level 9 in Unarmed Combat
  4258 | D:6      | 4258 ||| Stepping ~*~*~tactically~*~*~ (stealth).
  4297 | D:6      | Reached skill level 1 in Throwing
  4325 | D:6      | Reached skill level 1 in Dodging
  4361 | D:6      | Reached XP level 8. HP: 63/75 MP: 8/8
  4563 | D:6      | 4563 ||| Stepping ~*~*~tactically~*~*~ (stealth).
  4565 | D:6      | 4565 ||| Stepping ~*~*~tactically~*~*~ (hiding).
  4852 | D:6      | 4852 ||| Stepping ~*~*~tactically~*~*~ (outnumbered).
  4853 | D:6      | 4853 ||| Stepping ~*~*~tactically~*~*~ (outnumbered).
  4854 | D:6      | 4854 ||| Stepping ~*~*~tactically~*~*~ (outnumbered).
  4855 | D:6      | 4855 ||| Stepping ~*~*~tactically~*~*~ (outnumbered).
  4856 | D:6      | 4856 ||| Stepping ~*~*~tactically~*~*~ (outnumbered).
  4857 | D:6      | 4857 ||| Stepping ~*~*~tactically~*~*~ (outnumbered).
  4858 | D:6      | 4858 ||| Stepping ~*~*~tactically~*~*~ (outnumbered).
  4863 | D:6      | Reached skill level 10 in Unarmed Combat
  4986 | D:7      | 4986 ||| Stepping ~*~*~tactically~*~*~ (stealth).
  4987 | D:7      | 4987 ||| Stepping ~*~*~tactically~*~*~ (stealth).
  4995 | D:7      | 4995 ||| Stepping ~*~*~tactically~*~*~ (stealth).
  4996 | D:7      | 4996 ||| Stepping ~*~*~tactically~*~*~ (stealth).
  4998 | D:7      | 4998 ||| Stepping ~*~*~tactically~*~*~ (stealth).
  5094 | D:7      | 5094 ||| INVOKING Fiery Armour.
  5105 | D:7      | 5105 ||| FLEEEEING.
  5107 | D:7      | 5107 ||| FLEEEEING.
  5109 | D:7      | Killed an unseen horror
  5110 | D:7      | Reached skill level 11 in Unarmed Combat
  5116 | D:7      | Reached XP level 9. HP: 40/84 MP: 9/9
  5117 | D:7      | 5117 ||| Stepping ~*~*~tactically~*~*~ (stealth).
  5124 | D:7      | 5124 ||| FLEEEEING.
  5125 | D:7      | 5125 ||| FLEEEEING.
  5126 | D:7      | 5126 ||| FLEEEEING.
  5127 | D:7      | 5127 ||| FLEEEEING.
  5128 | D:7      | 5128 ||| FLEEEEING.
  5129 | D:7      | 5129 ||| FLEEEEING.
  5130 | D:7      | 5130 ||| FLEEEEING.
  5132 | D:7      | 5132 ||| FLEEEEING.
  5133 | D:7      | 5133 ||| FLEEEEING.
  5134 | D:7      | 5134 ||| FLEEEEING.
  5135 | D:7      | 5135 ||| FLEEEEING.
  5136 | D:7      | 5136 ||| FLEEEEING.
  5137 | D:7      | 5137 ||| FLEEEEING.
  5138 | D:7      | 5138 ||| FLEEEEING.
  5139 | D:7      | 5139 ||| FLEEEEING.
  5140 | D:7      | 5140 ||| FLEEEEING.
  5141 | D:7      | 5141 ||| FLEEEEING.
  5142 | D:7      | 5142 ||| FLEEEEING.
  5143 | D:7      | 5143 ||| FLEEEEING.
  5144 | D:7      | 5144 ||| FLEEEEING.
  5145 | D:7      | 5145 ||| STAIRDANCE
  5163 | D:7      | 5163 ||| STAIRDANCE
  5165 | D:6      | 5165 ||| Stepping ~*~*~tactically~*~*~ (outnumbered).
  5297 | D:7      | 5297 ||| DRINKING potion of mutation.
  5297 | D:7      | Lost mutation: You occasionally lose the ability to read
                  | scrolls when taking damage. [potion of mutation]
  5297 | D:7      | Gained mutation: Armour fits poorly on your strangely
                  | shaped body. [potion of mutation]
  5297 | D:7      | Gained mutation: You occasionally shout uncontrollably at
                  | your foes. [potion of mutation]
  5297 | D:7      | Gained mutation: You are occasionally teleported next to
                  | monsters. [potion of mutation]
  5297 | D:7      | Gained mutation: You have a pair of small antennae on your
                  | head. [potion of mutation]
  5368 | D:7      | You fall into a shaft and drop 3 floors!
  5368 | D:10     | Entered Level 10 of the Dungeon
  5395 | D:10     | 5395 ||| INVOKING Fiery Armour.
  5399 | D:10     | Reached skill level 12 in Unarmed Combat
  5399 | D:10     | HP: 21/84 [poisoned by a killer bee]
  5400 | D:10     | 5400 ||| READING scroll of teleportation.
  5401 | D:10     | 5401 ||| DRINKING potion of heal wounds.
  5479 | D:10     | 5479 ||| Stepping ~*~*~tactically~*~*~ (stealth).
  5483 | D:10     | 5483 ||| Stepping ~*~*~tactically~*~*~ (outnumbered).
  5486 | D:10     | 5486 ||| Stepping ~*~*~tactically~*~*~ (outnumbered).
  5646 | D:10     | 5646 ||| UPGRADING to +0 steam dragon scales.
  5656 | D:10     | 5656 ||| DROPPING +2 robe of positive energy.
  5657 | D:10     | 5657 ||| READING scroll labelled DASTIPLUUT.
  5658 | D:10     | 5658 ||| READING scroll labelled PIONWO GUWNO.
  5659 | D:10     | 5659 ||| DRINKING 2 amethyst potions.
  5660 | D:10     | 5660 ||| READING 2 scrolls of identify.
  5660 | D:10     | 5660 ||| IDENTIFYING orange potion
  5661 | D:10     | 5661 ||| DROPPING potion of berserk rage.
  5662 | D:10     | 5662 ||| DROPPING potion of degeneration.
  5687 | D:10     | Reached skill level 1 in Armour
  5697 | D:10     | 5697 ||| FLEEEEING.
  5698 | D:10     | 5698 ||| FLEEEEING.
  5699 | D:10     | 5699 ||| FLEEEEING.
  5700 | D:10     | 5700 ||| FLEEEEING.
  5701 | D:10     | 5701 ||| FLEEEEING.
  5702 | D:10     | 5702 ||| FLEEEEING.
  5703 | D:10     | 5703 ||| STAIRDANCE
  5710 | D:9      | 5710 ||| Stepping ~*~*~tactically~*~*~ (outnumbered).
  5712 | D:9      | 5712 ||| INVOKING Fiery Armour.
  5714 | D:9      | HP: 19/88 [poisoned by a killer bee]
  5718 | D:9      | HP: 8/88 [poisoned by a killer bee]
  5720 | D:9      | 5720 ||| Stepping ~*~*~tactically~*~*~ (stealth).
  5721 | D:9      | 5721 ||| Stepping ~*~*~tactically~*~*~ (stealth).
  5723 | D:9      | HP: 9/88 [poisoned by a killer bee]
  5836 | D:9      | 5836 ||| READING scroll labelled OFOELA VYSTUUMOON.
  5848 | D:8      | Noticed a two-headed ogre
  5858 | D:8      | Killed a two-headed ogre
  5859 | D:8      | Reached skill level 13 in Unarmed Combat
  5859 | D:8      | Reached XP level 10. HP: 52/96 MP: 10/10
  5883 | D:8      | Noticed Pikel
  5884 | D:8      | 5884 ||| Stepping ~*~*~tactically~*~*~ (hiding).
  5885 | D:8      | 5885 ||| Stepping ~*~*~tactically~*~*~ (hiding).
  5897 | D:8      | Killed Pikel
  5939 | D:8      | 5939 ||| Stepping ~*~*~tactically~*~*~ (outnumbered).
  5941 | D:8      | 5941 ||| Stepping ~*~*~tactically~*~*~ (outnumbered).
  5944 | D:8      | Noticed Joseph
  5945 | D:8      | 5945 ||| INVOKING Fiery Armour.
  5946 | D:8      | 5946 ||| Stepping ~*~*~tactically~*~*~ (outnumbered).
  5949 | D:8      | 5949 ||| Stepping ~*~*~tactically~*~*~ (outnumbered).
  5961 | D:8      | Killed Joseph
  5962 | D:8      | Reached skill level 14 in Unarmed Combat
  5973 | D:8      | Found a bloodstained altar of Trog.
  6079 | D:8      | 6079 ||| UPGRADING to +2 robe of fire resistance.
  6295 | D:8      | 6295 ||| Stepping ~*~*~tactically~*~*~ (stealth).
  6301 | D:8      | 6301 ||| Stepping ~*~*~tactically~*~*~ (hiding).
  6304 | D:8      | 6304 ||| Stepping ~*~*~tactically~*~*~ (hiding).
  6309 | D:8      | 6309 ||| Stepping ~*~*~tactically~*~*~ (outnumbered).
  6529 | D:8      | Found a radiant altar of Vehumet.
  6529 | D:8      | Found a basalt altar of Yredelemnul.
  6591 | D:8      | 6591 ||| Stepping ~*~*~tactically~*~*~ (outnumbered).
  6592 | D:8      | 6592 ||| Stepping ~*~*~tactically~*~*~ (outnumbered).
  6784 | D:8      | 6784 ||| READING scroll labelled ZIPOIN PUHORGH.
  6785 | D:8      | 6785 ||| DRINKING 2 ruby potions.
  6916 | D:9      | Reached skill level 6 in Fighting
  6924 | D:9      | 6924 ||| STAIRDANCE
  7181 | D:9      | 7181 ||| Stepping ~*~*~tactically~*~*~ (hiding).
  7182 | D:9      | 7182 ||| Stepping ~*~*~tactically~*~*~ (hiding).
  7445 | D:9      | Found a staircase to the Lair.
  7458 | D:9      | 7458 ||| Stepping ~*~*~tactically~*~*~ (stealth).
  7478 | D:9      | 7478 ||| READING scroll labelled ROAMEDW OTINOPT.
  7479 | D:9      | 7479 ||| PLANNING LAIR
  7523 | D:9      | 7523 ||| READING 3 scrolls of identify.
  7523 | D:9      | 7523 ||| IDENTIFYING fuming yellow potion
  7524 | D:9      | 7524 ||| DROPPING potion of invisibility.
  7527 | Lair:1   | Entered Level 1 of the Lair of Beasts
  7569 | Lair:1   | Noticed a cane toad
  7575 | Lair:1   | 7575 ||| Stepping ~*~*~tactically~*~*~ (outnumbered).
  7576 | Lair:1   | 7576 ||| Stepping ~*~*~tactically~*~*~ (outnumbered).
  7582 | Lair:1   | Killed a cane toad
  7590 | Lair:1   | Reached skill level 15 in Unarmed Combat
  7665 | Lair:1   | Noticed an elephant
  7665 | Lair:1   | Noticed an elephant
  7669 | Lair:1   | Noticed an elephant
  7673 | Lair:1   | 7673 ||| Stepping ~*~*~tactically~*~*~ (outnumbered).
  7674 | Lair:1   | 7674 ||| Stepping ~*~*~tactically~*~*~ (outnumbered).
  7679 | Lair:1   | Killed an elephant
  7680 | Lair:1   | Reached XP level 11. HP: 64/105 MP: 11/11
  7682 | Lair:1   | 7682 ||| INVOKING Fiery Armour.
  8031 | Lair:1   | You fall into a shaft and drop 1 floor!
  8047 | Lair:2   | Reached skill level 16 in Unarmed Combat
  8095 | Lair:2   | 8095 ||| Stepping ~*~*~tactically~*~*~ (stealth).
  8133 | Lair:2   | 8133 ||| Stepping ~*~*~tactically~*~*~ (stealth).
  8147 | Lair:2   | Noticed Amaemon
  8160 | Lair:2   | 8160 ||| INVOKING Fiery Armour.
  8160 | Lair:2   | HP: 25/107 [poisoned by orange demon (concentrated venom)]
  8161 | Lair:2   | 8161 ||| READING 2 scrolls of teleportation.
  8161 | Lair:2   | HP: 12/107 [poisoned by orange demon (concentrated venom)]
  8161 | Lair:2   | HP: 3/107 [elephant (4)]
  8162 | Lair:2   | 8162 ||| DRINKING 2 potions of heal wounds.
  8163 | Lair:2   | 8163 ||| DRINKING potion of heal wounds.
  8164 | Lair:2   | Killed Amaemon
  8165 | Lair:2   | 8165 ||| READING scroll of teleportation.
  8166 | Lair:2   | HP: 13/109 [poisoned by an orange demon]
  8167 | Lair:2   | 8167 ||| Stepping ~*~*~tactically~*~*~ (outnumbered).
  8171 | Lair:2   | HP: 9/109 [poisoned by an orange demon]
  8184 | Lair:2   | HP: 11/109 [elephant (13)]
  8186 | Lair:2   | Slain by an elephant

Levels and vault maps discovered:
D:1:      tarquinn_simple_flora_water_a, layout_basic, basic_ecumenical_altar
D:2:      layout_basic, serial_corexii_hall, chequers_hall_statues_corner_a,
          chequers_hall_statues_wall_a, chequers_hall_statues_y
D:3:      corexii_shack_village, layout_loops_ring, kennysheep_generic_room_3
D:4:      layout_loops_ring, temple_fountains, serial_bayou,
          serial_bayou_pond_e, serial_bayou_lagoon_b, serial_bayou_shore_b,
          serial_bayou_shore_a
D:5:      layout_rooms, patterned_corridor, uniq_duvessa
D:6:      layout_loops_cross, grunt_decor_clamped, chequers_serial_rivers_marsh,
          chequers_serial_rivers_large_a, uniq_blork_the_orc
D:7:      layout_basic
D:8:      layout_basic, mainiacjoe_overflow_concentric_impassable,
          gammafunk_temple_overflow_statue, uniq_joseph, uniq_pikel
D:9:      layout_loops_ring, grunt_lair_entry_orc_guard_hut
D:10:     layout_irregular_city
Lair:1:   layout_cave_pods, portal_ice_cave_entry_pillars_2, grunt_megastairs_1
Lair:2:   beast_lair_carwin_large_1, layout_regular_city, nicolae_lair_lil_pond,
          grunt_megastairs_2, lemuel_fruit_fields, infiniplex_staircase_pool,
          lemuel_fruit_tree, uniq_amaemon

Skill      XL: |  1  2  3  4  5  6  7  8  9 10 11 |
---------------+----------------------------------+-----
Unarmed Combat | 4 5 6 8 9 11 13 15 16 | 16.0
Fighting       | 3 4 5 6 7 |  7.0
Throwing       | 1 |  1.4
Dodging        | 1 |  1.4
Armour         | 1 2 |  2.0
Spellcasting   | |  1.0
Fire Magic     | |  2.1

Action                   |  1- 3 |  4- 6 |  7- 9 | 10-12 || total
-------------------------+-------+-------+-------+-------++-------
Melee: Unarmed           |    97 |    94 |   200 |   192 ||   583
       Punch             |       |     2 |     6 |    12 ||    20
Throw: Boomerang         |       |    22 |    46 |     1 ||    69
Invok: Fiery Armour      |       |     1 |     4 |     3 ||     8
  Use: Scroll            |     6 |     3 |     6 |     5 ||    20
       Potion            |     3 |     4 |     4 |     3 ||    14
Armor: Robe              |    40 |    16 |    73 |    38 ||   167
       Skin              |       |     3 |       |       ||     3
       Steam dragon scal |       |       |    15 |     7 ||    22
Dodge: Dodged            |    31 |    23 |   179 |   110 ||   343

Table legend:
 A = Non-vault XP
 B = Vault XP
 C = Vault XP percentage of total XP
 D = Non-vault monster count
 E = Vault monster count
 F = Vault count percentage of total count
                 A         B        C        D         E       F
            +---------+---------+-------+---------+---------+-------
      Total |   12450 |    3270 |  20.8 |     180 |      24 |  11.8
            +---------+---------+-------+---------+---------+-------
        D:1 |      49 |       0 |   0.0 |      21 |       0 |   0.0
        D:2 |      27 |       0 |   0.0 |       9 |       0 |   0.0
        D:3 |      43 |      20 |  31.7 |      18 |      11 |  37.9
        D:4 |     314 |       0 |   0.0 |      18 |       0 |   0.0
        D:5 |     395 |     225 |  36.3 |      22 |       2 |   8.3
        D:6 |     939 |      94 |   9.1 |      14 |       1 |   6.7
        D:7 |    1428 |       0 |   0.0 |      14 |       0 |   0.0
        D:8 |    1761 |    1068 |  37.8 |      22 |       2 |   8.3
        D:9 |    1639 |     387 |  19.1 |      19 |       4 |  17.4
       D:10 |    1256 |       0 |   0.0 |      10 |       0 |   0.0
     Lair:1 |    3342 |     397 |  10.6 |      10 |       1 |   9.1
     Lair:2 |    1257 |    1079 |  46.2 |       3 |       3 |  50.0
            +---------+---------+-------+---------+---------+-------
